 Dungeon Crawl Stone Soup version 0.23.2-40-g277498a001 (webtiles) character file.

Game seed: 3446153881516297551

297 Curus the Chopper (level 6, 0/51 HPs)
             Began as a Hill Orc Abyssal Knight on Oct 23, 2019.
             Was a Believer of Lugonu.
             Slain by a jelly (3 damage)
             ... on level 3 of the Dungeon.
             The game lasted 00:10:03 (1855 turns).

Curus the Chopper (Hill Orc Abyssal Knight)         Turns: 1855, Time: 00:10:04

Health: 0/51       AC: -10   Str: 15    XL:     6   Next: 35%
Magic:  10/10      EV:  9    Int: 12    God:    Lugonu [**....]
Gold:   133        SH:  0    Dex: 14    Spells: 5/5 levels left

rFire    . . .     SeeInvis .   a - +1 hand axe
rCold    + . .     Gourm    .   (no shield)
rNeg     . . .     Faith    .   k - +0 scale mail {rC+}
rPois    .         Spirit   .   (no helmet)
rElec    .         Reflect  .   (no cloak)
rCorr    .         Harm     .   l - +1 pair of gloves
MR       .....                  (no boots)
Stlth    ..........             (no amulet)
HPRegen  0.17/turn              h - +2 ring of dexterity
MPRegen  0.12/turn              (no ring)

@: corroded
A: deterioration 1, shaggy fur 1
a: Depart the Abyss, Bend Space, Renounce Religion


You were on level 3 of the Dungeon.
You worshipped Lugonu.
Lugonu was pleased with you.
You were not hungry.

You visited 1 branch of the dungeon, and saw 3 of its levels.
You visited the Abyss 1 time.

You collected 133 gold pieces.

Inventory:

Hand Weapons
 a - a +1 hand axe (weapon)
Armour
 b - a +0 leather armour
 e - a +0 ring mail
 f - a +0 pair of gloves
 k - a +0 scale mail of cold resistance (worn)
 l - a +1 pair of gloves (worn)
Jewellery
 h - a +2 ring of dexterity (left hand)
Scrolls
 d - 6 scrolls of identify
 j - 2 scrolls of teleportation
Potions
 g - 2 potions of curing
 i - 2 potions of magic
Comestibles
 c - 4 rations


   Skills:
 - Level 3.6 Fighting
 + Level 6.3 Axes
 - Level 2.1 Armour
 - Level 0.7 Dodging
 + Level 6.2 Invocations


You had 5 spell levels left.
You didn't know any spells.
Your spell library was empty.

Dungeon Overview and Level Annotations

Branches:
Dungeon (3/15)

Altars:


Innate Abilities, Weirdness & Mutations

Your body sometimes deteriorates upon taking damage.
You are covered in fur. (AC +1)


Message History

The jelly barely misses you.
You hit the jelly.
Your hands burn!
The jelly is almost dead.
The jelly hits you.
* * * LOW HITPOINT WARNING * * *
You are splashed with acid!
* * * LOW HITPOINT WARNING * * *
You hit the jelly but do no damage. The acid corrodes you!
Your hands burn!
* * * LOW HITPOINT WARNING * * *
The jelly is almost dead.
The jelly barely misses you.
You hit the jelly but do no damage.
Your hands burn!
* * * LOW HITPOINT WARNING * * *
The jelly is almost dead.
The jelly closely misses you.
You hit the jelly but do no damage. The acid corrodes you!
Your hands burn!
* * * LOW HITPOINT WARNING * * *
The jelly is almost dead.
The jelly hits you.
You die...

#.#.# #.#.#
#.#. #.# #.#
#.# #.#
#.#########.
#...@J.....!
############


You could see a jelly.

Vanquished Creatures
  Sigmund (D:2)
  Jessica (D:3)
  Terence (D:2)
  3 adders (D:3)
  2 worms (D:2)
  2 dart slugs
  A leopard gecko (D:1)
  An orc (D:3)
  4 giant cockroaches
  3 goblins
  2 hobgoblins
  2 jackals (D:2)
  5 bats
  2 frilled lizards (D:1)
  8 kobolds
  6 rats
44 creatures vanquished.

Notes
Turn   | Place    | Note
-------+----------+-------------------------------------------
     0 | Abyss:1  | Curus the Hill Orc Abyssal Knight began the quest for the
                  | Orb.
     0 | Abyss:1  | Reached XP level 1. HP: 19/19 MP: 2/2
    10 | D:1      | Escaped the Abyss
   139 | D:1      | Reached XP level 2. HP: 23/26 MP: 2/4
   865 | D:2      | Noticed Sigmund
   886 | D:2      | Reached XP level 3. HP: 31/31 MP: 5/5
   911 | D:2      | Killed Sigmund
   911 | D:2      | Reached skill level 5 in Axes
   911 | D:2      | Reached skill level 5 in Invocations
   911 | D:2      | Reached XP level 4. HP: 23/39 MP: 5/8
   911 | D:2      | Reached XP level 5. HP: 27/45 MP: 5/9
   968 | D:2      | Noticed Terence
   974 | D:2      | Killed Terence
   974 | D:2      | Reached XP level 6. HP: 29/51 MP: 10/10
   999 | D:2      | Reached ** piety under Lugonu
  1144 | D:2      | Found a faded altar of an unknown god.
  1783 | D:3      | Noticed Jessica
  1789 | D:3      | Killed Jessica
  1795 | D:3      | Gained mutation: Your body sometimes deteriorates upon
                  | taking damage. [potion of mutation]
  1795 | D:3      | Gained mutation: You are covered in fur. (AC +1) [potion of
                  | mutation]
  1855 | D:3      | HP: 2/51 [acid (1)]
  1855 | D:3      | Slain by a jelly

Skill      XL: |  1  2  3  4  5  6 |
---------------+-------------------+-----
Axes           | 3 5 6 |  6.3
Invocations    | 3 5 6 |  6.2
Fighting       | |  3.6
Armour         | |  2.1
Dodging        | |  0.7

Action                   |  1- 3 |  4- 6 || total
-------------------------+-------+-------++-------
Melee: Hand axe          |    68 |    84 ||   152
  Use: Scroll            |     4 |     2 ||     6
       Potion            |     4 |     1 ||     5
  Eat: Chunk             |       |     3 ||     3
Armor: Ring mail         |    24 |    11 ||    35
       Scale mail        |       |    15 ||    15
Dodge: Dodged            |    27 |    41 ||    68
